 Dungeon Crawl Stone Soup version 0.21.0-26-g889b8f6872 (webtiles) character file.

3555 KamiKatze the Destroyer (level 9, 0/45 HPs)
             Began as a Deep Elf Conjurer on Jan 28, 2018.
             Was a Follower of Sif Muna.
             Slain by a hell hound (2 damage)
             ... on level 8 of the Dungeon.
             The game lasted 00:39:51 (8789 turns).

KamiKatze the Destroyer (Deep Elf Conjurer)         Turns: 8789, Time: 00:39:52

Health: 0/45       AC:  4    Str:  5    XL:     9   Next: 83%
Magic:  22/33      EV: 14    Int: 24    God:    Sif Muna [*.....]
Gold:   359        SH:  0    Dex: 15    Spells: 8/26 levels left

rFire    + . .     SeeInvis .   F - +2 broad axe of Regicide {drain, *Drain rElec rF+ rN++ MP+9}
rCold    + . .     Gourm    .   (no shield)
rNeg     + + .     Faith    .   a - +1 robe
rPois    .         Spirit   .   (no helmet)
rElec    +         Reflect  .   (no cloak)
rCorr    .         Harm     .   (no gloves)
MR       .....                  j - +0 pair of boots
Stlth    ++........             (no amulet)
HPRegen  0.15/turn              z - ring of protection from cold
MPRegen  0.23/turn              m - ring of wizardry

@: no status effects
A: no striking features
a: Divine Energy, Renounce Religion


You were on level 8 of the Dungeon.
You worshipped Sif Muna.
Sif Muna was aware of your devotion.
You were not hungry.

You visited 2 branches of the dungeon, and saw 9 of its levels.
You also visited: Sewer.

You collected 359 gold pieces.

Inventory:

Hand Weapons
 x - a +0 dagger of draining
 F - the +2 broad axe of Regicide (weapon) {drain, *Drain rElec rF+ rN++ MP+9}
   (You found it on level 7 of the Dungeon)

   A truly terrible weapon, it drains the life of those it strikes.
   It protects you from fire.
   It insulates you from electricity.
   It greatly protects you from negative energy.
   It affects your magic capacity (+9).
   It causes draining when unequipped.
Armour
 a - a +1 robe (worn)
 j - a +0 pair of boots (worn)
Jewellery
 i - an uncursed ring of stealth
 m - a ring of wizardry (right hand)
 n - an uncursed ring of resist corrosion
 z - a ring of protection from cold (left hand)
Wands
 E - a wand of polymorph (9)
Scrolls
 e - 5 scrolls of remove curse
 g - 4 scrolls of fear
 h - 3 scrolls of enchant weapon
 l - 5 scrolls of teleportation
 p - 5 scrolls of magic mapping
 t - a scroll of amnesia
 v - 2 scrolls of enchant armour
 w - a scroll of immolation
 y - a scroll of fog {unknown}
 G - 3 scrolls of identify
Potions
 f - 2 potions of brilliance
 k - 4 potions of might
 o - 6 potions of curing
 q - 3 potions of heal wounds
 r - a potion of invisibility
 s - 2 potions of magic
 u - 3 potions of lignification
 A - a potion of ambrosia
 B - a potion of resistance
 C - a potion of mutation
 D - a potion of haste
Books
 b - a book of Conjurations

   Spells                             Type                      Level
   a - Magic Dart                     Conjuration                  1
   b - Searing Ray                    Conjuration                  2
   c - Dazzling Spray                 Conjuration/Hexes            3
   d - Fulminant Prism                Conjuration/Hexes            4
   e - Force Lance                    Conjuration/Translocation    4
   f - Iskenderun's Mystic Blast      Conjuration                  4
Comestibles
 c - 13 rations
 d - 4 chunks of flesh


   Skills:
 - Level 1.0 Armour
 + Level 4.1 Dodging
 - Level 2.4 Stealth
 + Level 9.3 Spellcasting
 * Level 11.2 Conjurations
 + Level 8.3 Hexes
 + Level 3.3 Translocations


You had 8 spell levels left.
You knew the following spells:

 Your Spells              Type           Power        Failure   Level  Hunger
a - Magic Dart            Conj           ####         1%          1    None
b - Searing Ray           Conj           ######       1%          2    None
c - Dazzling Spray        Conj/Hex       ######       1%          3    None
d - Iskenderun's Mystic   Conj           ######..     1%          4    ##.....
e - Fulminant Prism       Conj/Hex       ######....   1%          4    ##.....
f - Force Lance           Conj/Tloc      #####...     1%          4    ##.....


Dungeon Overview and Level Annotations

Branches:
Dungeon (8/15)             Temple (1/1) D:7
   Lair: D:8-11

Altars:
Ashenzari
Cheibriados
Dithmenos
Elyvilon
Fedhas
Gozag
Hepliaklqana
Kikubaaqudgha
Makhleb
Nemelex Xobeh
Okawaru
Qazlal
Ru
Sif Muna
Trog
Uskayaw
Vehumet
Xom
Yredelemnul
The Shining One

Shops:
D:4 ?


Message History

Casting: Magic Dart
Confirm with . or Enter, or press ? or * to list all spells.
Aiming: Searing Ray
Press: ? - help, Shift-Dir - straight line, f - hell hound
Aim: a hell hound The searing ray hits the hell hound.
The hell hound is moderately wounded. (Press . to maintain the ray.)
The hell hound bites you! x2
* * * LOW HITPOINT WARNING * * *
The searing ray hits the hell hound.
The hell hound is heavily wounded.
The hell hound misses you.
The searing ray hits the hell hound.
The hell hound is almost dead.
The hell hound breathes flames at you. The blast of flame hits you! You resist.
* * * LOW HITPOINT WARNING * * *
The hell hound bites you.
You die...

.........#...#####...### #..###
########...............#####.####
####.....#####.#...รท...<..#
#######..(..#.### #.##.#######.#
#....##.^..##..(# #.#..# ##.#
#........#.####.####.#.## ##..#
#......###.# #...##.#.# #..##
#....###...# ###......# ##.###
###### #.### #.@...#### #..###
##.# ####h##...# ###.####
##..###...s###(.### #...# ## .#
#..###..####......###)..# ## ..
#.## #.## #.####..).)..# ## #.
###.# #.# #.# ####....# ##
#.##...# ##.# #.# ##...# ##
#.#..#####..# #.# #...# ##
#.#.####...## #.# #...# ##


You could see a hell hound and a scorpion.

Vanquished Creatures
  The ghost of bartorex the Grappler, an amateur TrBe of Trog (D:4)
  2 hogs (Temple)
  A water moccasin (D:3)
  A hell hound (D:8)
  2 orc warriors
  2 sky beasts
  3 ice beasts (D:5)
  A black bear (D:7)
  4 ogres
  5 bullfrogs
  A scorpion (D:7)
  A howler monkey (D:6)
  5 crimson imps
  A bullfrog zombie (D:5)
  A jelly (D:7)
  8 orc wizards
  2 orc priests
  3 hounds
  6 iguanas
  7 worker ants
  A hound skeleton (D:4)
  A worker ant zombie (D:7)
  A gnoll (D:1)
  2 howler monkey skeletons
  17 adders
  3 river rats (Sewer)
  2 shadow imps
  An ooze (Sewer)
  An adder skeleton (D:4)
  2 adder zombies (D:5)
  2 worms
  3 dart slugs
  7 leopard geckos
  13 orcs
  17 bats
  8 giant cockroaches
  6 hobgoblins
  14 jackals
  6 kobolds
  3 quokkas
  13 ball pythons
  6 frilled lizards
  13 goblins
  2 goblin skeletons (D:7)
  2 hobgoblin zombies (D:7)
  A jackal zombie (D:5)
  A kobold skeleton (D:7)
  2 kobold zombies (D:7)
  A leopard gecko skeleton (D:5)
  An orc skeleton (D:7)
  An orc zombie (D:7)
  37 rats
247 creatures vanquished.

Vanquished Creatures (others)
  18 fulminant prisms
18 creatures vanquished.

Grand Total: 265 creatures vanquished

Notes
Turn   | Place    | Note
-------+----------+-------------------------------------------
     0 | D:1      | KamiKatze the Deep Elf Conjurer began the quest for the Orb.
     0 | D:1      | Reached XP level 1. HP: 10/10 MP: 6/6
   268 | D:1      | Reached XP level 2. HP: 15/15 MP: 5/8
   272 | D:1      | Learned a level 2 spell: Searing Ray
   614 | D:1      | Reached skill level 5 in Conjurations
   754 | D:1      | Reached XP level 3. HP: 19/19 MP: 8/10
   759 | D:1      | Learned a level 3 spell: Dazzling Spray
  1185 | D:2      | Reached skill level 1 in Hexes
  1242 | D:2      | Reached XP level 4. HP: 24/24 MP: 8/12
  1248 | D:2      | Learned a level 4 spell: Iskenderun's Mystic Blast
  1615 | D:2      | Found a faded altar of an unknown god.
  1778 | D:3      | Noticed a sky beast
  2007 | D:3      | Found a shattered altar of Ashenzari.
  2015 | D:3      | Found a sparkling altar of Nemelex Xobeh.
  2027 | D:3      | Found a white marble altar of Elyvilon.
  2034 | D:3      | Found a blossoming altar of Fedhas.
  2161 | D:3      | Reached skill level 6 in Conjurations
  2191 | D:3      | Found a glowing drain.
  2200 | Sewer    | Entered a sewer
  2247 | Sewer    | Reached XP level 5. HP: 28/28 MP: 8/13
  3335 | Sewer    | Reached skill level 5 in Spellcasting
  3335 | Sewer    | Reached XP level 6. HP: 13/32 MP: 3/15
  3464 | Sewer    | Reached skill level 7 in Conjurations
  3768 | D:3      | Noticed a water moccasin
  3778 | D:3      | Killed a water moccasin
  3903 | D:3      | Learned a level 4 spell: Fulminant Prism
  3909 | D:3      | Killed a sky beast
  3909 | D:3      | Reached XP level 7. HP: 20/36 MP: 8/17
  4163 | D:4      | Found Geujiukh's Magic Scroll Boutique.
  4179 | D:4      | Learned a level 4 spell: Force Lance
  4467 | D:4      | Noticed bartorex's ghost (amateur TrBe)
  4726 | D:4      | Reached skill level 8 in Conjurations
  4775 | D:4      | Reached skill level 5 in Hexes
  4992 | D:4      | Killed bartorex's ghost
  4992 | D:4      | Reached XP level 8. HP: 39/41 MP: 1/20
  5044 | D:5      | Entered Level 5 of the Dungeon
  5162 | D:5      | Reached skill level 9 in Conjurations
  6104 | D:6      | Reached skill level 10 in Conjurations
  6371 | D:6      | Reached XP level 9. HP: 18/45 MP: 2/23
  6551 | D:6      | Reached skill level 1 in Translocations
  6727 | D:6      | Reached skill level 1 in Armour
  7262 | D:7      | Found a staircase to the Ecumenical Temple.
  7270 | Temple   | Entered the Ecumenical Temple
  7333 | Temple   | Became a worshipper of Sif Muna the Loreminder
  7540 | D:7      | Found a glowing golden altar of the Shining One.
  7583 | D:7      | Got a translucent broad axe
  7596 | D:7      | Identified the +2 broad axe of Regicide {drain, *Drain rElec rF+ rN++ MP+9} (You found it on level 7 of the Dungeon)
  8032 | D:7      | Found a sacrificial altar of Ru.
  8046 | D:7      | Reached skill level 11 in Conjurations
  8574 | D:8      | Reached * piety under Sif Muna
  8651 | D:8      | Found a bloodstained altar of Trog.
  8654 | D:8      | Found a radiant altar of Vehumet.
  8789 | D:8      | HP: 2/45 [hell hound/blast of flame (7)]
  8789 | D:8      | Slain by a hell hound

Skill      XL: |  1  2  3  4  5  6  7  8  9 |
---------------+----------------------------+-----
Conjurations   | 5 6 7 8 10 11 | 11.2
Spellcasting   | 4 5 6 8 9 |  9.3
Hexes          | 1 2 3 4 5 7 8 |  8.3
Translocations | 3 |  3.3
Armour         | 1 |  1.0
Dodging        | 4 |  4.1
Stealth        | |  2.4

Action                   |  1- 3 |  4- 6 |  7- 9 || total
-------------------------+-------+-------+-------++-------
Melee: Dagger            |    13 |     5 |    14 ||    32
       Broad axe         |       |       |     7 ||     7
 Cast: Magic Dart        |    76 |   132 |   167 ||   375
       Searing Ray       |     1 |    12 |    39 ||    52
       Dazzling Spray    |       |     5 |    12 ||    17
       Iskenderun's Myst |       |     1 |    19 ||    20
       Fulminant Prism   |       |       |    18 ||    18
  Use: Scroll            |     1 |    12 |    11 ||    24
       Potion            |       |     2 |     1 ||     3
 Stab: Sleeping          |       |       |     1 ||     1
  Eat: Chunk             |     1 |     4 |    15 ||    20
       Ration            |       |     2 |       ||     2
Armor: Robe              |     6 |    11 |    15 ||    32
Dodge: Dodged            |    17 |    58 |    56 ||   131
